AoeStats
← andres simijaca

Arabia

509777046Analyzed
1v1 RM · 3d ago on Sep 28, 2026· 24m 39s· 2 players
Game mode
Random Map
Map size
Tiny (2 player)
Population
200
Speed
Normal
Resources
Standard
Victory
Conquest
Starting age
Dark Age
Ending age
Imperial Age
RankedLock teamsTeams togetherTeam positionsShared explorationLock speedFull tech treeHidden civsTurbo modeCheats
Victory
Defeat
🇨🇴 Magyars · Colombia
786
+14
🇺🇸 Jurchens · United States
747
-14
andres simijaca
8:07 Loom
10:39 Feudal Age
11:12 Double-Bit Axe
13:18 Horse Collar
16:10 Scale Barding Armor
16:07 Man-at-Arms
18:42 Scale Mail Armor
18:35 Arson
22:06 Castle Age
21:33 Stone Mining
22:10 Long Swordsman
23:05 Padded Archer Armor
23:14 Gold Mining
25:04 Gold Shaft Mining
Bob678543p
6:52 Loom
11:27 Feudal Age
12:45 Double-Bit Axe
15:25 Gold Mining
18:10 Castle Age
16:15 Scale Mail Armor
16:26 Forging
Connection lost

Rejoining the realm…

Still unreachable

The connection could not be restored.

Session expired

The server has moved on; the page needs a fresh start.